 Dungeon Crawl Stone Soup version 0.29-a0-612-gb8e136f (webtiles) character file.

Game seed: 4245037215434609132

28 Illumine the Shield-Bearer (level 3, 0/31 HPs)
             Began as a Meteoran Fighter on June 16, 2022.
             Killed by divine providence
             ... invoked by an orc priest
              (16 damage)
             ... on level 4 of the Dungeon.
             The game lasted 00:01:50 (736 turns).

Illumine the Shield-Bearer (Meteoran Fighter)        Turns: 736, Time: 00:01:51

Health: 0/31       AC:  6    Str: 20    XL:     3   Next: 50%
Magic:  4/4        EV:  9    Int:  9    God:
Gold:   55         SH:  5    Dex: 13    Spells: 2/2 levels left

rFire   . . .      SeeInvis .   a - +0 flail
rCold   . . .      Faith    .   c - +0 buckler
rNeg    . . .      Spirit   .   b - +0 scale mail
rPois   .          Reflect  .   (no helmet)
rElec   .          Harm     .   (no cloak)
rCorr   .          Rampage  .   (no gloves)
Will    .....                   (no boots)
Stlth   ..........              (no amulet)
HPRegen 0.10/turn               (no ring)
MPRegen 0.09/turn               (no ring)

@: mighty, glowing
A: sense surroundings 1, otherworldly, glowing, explore regen
a: no special abilities


You were on level 4 of the Dungeon.
You visited 1 branch of the dungeon, and saw 4 of its levels.

You collected 55 gold pieces.

Inventory:

Hand Weapons
 a - a +0 flail (weapon)
Missiles
 n - 4 poisoned darts (quivered)
Armour
 b - a +0 scale mail (worn)
 c - a +0 buckler (worn)
Wands
 k - a wand of charming (7)
Scrolls
 e - 2 scrolls of fear {unknown}
 h - a scroll of identify {unknown}
 m - 3 scrolls of fog {unknown}
 o - a scroll of vulnerability {unknown}
 q - a scroll of teleportation {unknown}
 s - a scroll of noise {unknown}
Potions
 f - a potion of invisibility {unknown}
 g - a potion of mutation {unknown}
 i - a potion of heal wounds {unknown}
 j - a potion of flight {unknown}
 l - a potion of curing
 p - a potion of resistance {unknown}
 r - a potion of berserk rage {unknown}


   Skills:
 + Level 3.6 Fighting
 * Level 3.8 Maces & Flails
 + Level 3.6 Armour
 + Level 0.2 Dodging
 - Level 4.0 Shields


You had 2 spell levels left.
You didn't know any spells.
Your spell library was empty.

Dungeon Overview and Level Annotations

Branches:
Dungeon (4/15) Zot: 1647
 Temple: D:4-7

Altars:
Elyvilon
Trog


Innate Abilities, Weirdness & Mutations

You passively map a small area around you.
You are easily found by Zot.
You glow in the dark.
You regain HP and MP as you explore.


Message History

An orc priest comes into view. It is wielding a +0 short sword.
Okay, then.
You feel very mighty all of a sudden.
The orc wizard hits you but does no damage.
You thump the orc wizard!
The orc wizard is heavily wounded.
An orc wizard comes into view. It is wielding a +0 dagger.
The orc wizard barely misses you.
You barely miss the orc wizard.
The orc wizard is heavily wounded.
The orc wizard hits you with a +0 dagger.
An orc comes into view.
It is wielding a +1 war axe of freezing.
The orc wizard gestures at you while chanting.
You are confused.
You miss the orc wizard.
The orc wizard is heavily wounded.
The orc shouts!
An orc priest comes into view. It is wielding a +4 mace.
The orc priest shouts!
The orc wizard casts a spell at you. The puff of flame hits you.
The orc priest hits you with a +0 short sword.
It was a potion of curing.
You feel better.
The orc wizard hits you but does no damage.
You block the orc priest's attack.
You hit the orc wizard.
The orc wizard is heavily wounded.
The orc wizard hits you but does no damage. x2
You barely miss the orc wizard.
The orc wizard is heavily wounded.
The orc wizard points at you and mumbles some strange words.
The puff of flame hits you!
The orc priest looks encouraged for a moment.
The orc completely misses you.
The orc priest looks satisfied for a moment.
The orc wizard hits you but does no damage.
The orc priest calls down the wrath of Beogh upon you.
Beogh smites you!
Ouch! That really hurt!
You die...

....#......#...#.........
....#......#...).........
,
....#......#...#.........
,
....#......+...#)........*
....#>.....#...#.........
*
#####......#####.........
**
...................#+###.
................oo.#, ,,
...............o@♣♣♣♣♣♣♣♣
,
................♣o.≈≈§§≈.
*
................♣.≈o....≈
####......(.....♣§§§§≈§.≈
, #............♣§§≈§..≈≈
#......###+##♣.≈§§_.≈§
#......# , ♣.≈≈...≈≈ * , *
,♣.≈.≈≈≈.≈ , , *,,,
♣.≈..§§.≈ *


You could see 2 orc priests, 2 orc wizards and an orc.

Vanquished Creatures
  An adder (D:3)
  An orc (D:4)
  2 endoplasms
  2 giant cockroaches
  A goblin (D:1)
  2 hobgoblins (D:2)
  2 ball pythons
  3 bats
  2 kobolds
  2 rats
18 creatures vanquished.

Notes
Turn   | Place    | Note
-------+----------+-------------------------------------------
     0 | D:1      | Illumine the Meteoran Fighter began the quest for the Orb.
     0 | D:1      | Reached XP level 1. HP: 19/19 MP: 2/2
   149 | D:1      | Reached XP level 2. HP: 15/26 MP: 3/3
   236 | D:2      | Found a white marble altar of Elyvilon.
   541 | D:3      | Reached XP level 3. HP: 31/31 MP: 4/4
   612 | D:4      | Reached skill level 4 in Shields
   712 | D:4      | Found a bloodstained altar of Trog.
   736 | D:4      | Killed from afar by an orc priest

Illustrated notes

Levels and vault maps discovered:
D:1:      zelgadis_glass_arrival_small, layout_basic,
          dreamdust_ecumenical_altar_grove
D:2:      layout_loops_ring, basic_altar, minmay_hexomino_r4
D:3:      layout_loops_corners, mainiacjoe_overflow_cross_hatched, uniq_robin
D:4:      minmay_clustersquares, layout_gridville, mainiacjoe_overflow_paths,
          nicolae_uskayaw_suspiria, mainiacjoe_overflow_catwalk,
          minmay_temple_entry_tees, uniq_duvessa

Skill      XL: |  1  2  3 |
---------------+----------+-----
Maces & Flails | 3 |  3.8
Shields        | 4 |  4.0
Fighting       | |  3.6
Armour         | |  3.6
Dodging        | |  0.2

Action                   || total
-------------------------++-------
Melee: Flail             ||    59
  Use: Potion            ||     2
Armor: Scale mail        ||    38
Dodge: Dodged            ||    21
Block: Buckler           ||    14

Table legend: (Time is in decaauts)
 A = Elapsed time spent in this place.
 B = Non-inter-level travel time spent in this place.
 C = Inter-level travel time spent in this place.
 D = Time resting spent in this place.
 E = Time spent auto-exploring this place.
 F = Levels seen in this place.
 G = Mean time per level.
                   A        B        C        D        E       F      G
               +--------+--------+--------+--------+--------+-----+--------+
         Total |    751 |    711 |     40 |      0 |    492 |   4 |  187.8 |
       Dungeon |    751 |    711 |     40 |      0 |    492 |   4 |  187.8 |
               +--------+--------+--------+--------+--------+-----+--------+

Top non-repeatable levels by time:
     D:2: 231 daAuts
     D:3: 209 daAuts
     D:1: 170 daAuts
     D:4: 139 daAuts
